[Event "Titled Tuesday Blitz May 23 Late 2023"]
[White "Duda, Jan-Krzysztof"]
[Black "Baskakov, Egor"]
[WhiteFideId "1170546"]
[BlackFideId "24197866"]
[WhiteElo "2790"]
[BlackElo "2225"]
[Result "1-0"]
[Round "07"]
[TimeControl "180+2"]
[Date "2023.05.23"]
[WhiteClock "0:00:12"]
[BlackClock "0:01:15"]

1. d4 Nf6 2. c4 e6 3. Nf3 d5 4. g3 Be7 5. Bg2 O-O 6. Qc2 Ne4 7. Nc3 f5 8. Ne5 c6 9. f3 Nxc3 10. Qxc3 Nd7 11. Nd3 dxc4 12. Qxc4 Nb6 13. Qc3 Na4 14. Qc2 Qxd4 15. e3 Qd8 16. O-O Nb6 17. Rd1 Nd5 18. Ne5 Qc7 19. f4 Qb6 20. Nc4 Qc7 21. b3 Bf6 22. Bb2 Bd7 23. Bxf6 Rxf6 24. Qd2 Be8 25. Bf3 g5 26. fxg5 Rg6 27. e4 Nb6 28. Nd6 Qe7 29. h4 fxe4 30. Bxe4 Rg7 31. Bc2 Nd5 32. Ne4 Bg6 33. Rf1 Bf5 34. Rae1 h6 35. Rxf5 exf5 36. Nf6+ Qxf6 37. gxf6 Nxf6 38. Kh2 Ng4+ 39. Kh3 Rf8 40. Qf4 Nf6 41. Bxf5 Nd5 42. Be6+ 1-0


[Site "https://www.chess.com"]

[Event "Titled Tuesday Blitz May 23 Late 2023"]
[White "Bluebaum, Matthias"]
[Black "Sychev, Klementy"]
[WhiteFideId "24651516"]
[BlackFideId "4114060"]
[WhiteElo "2639"]
[BlackElo "2583"]
[Result "1-0"]
[Round "07"]
[TimeControl "180+2"]
[Date "2023.05.23"]
[WhiteClock "0:00:20"]
[BlackClock "0:00:00"]

1. d4 Nf6 2. c4 e6 3. Nc3 Bb4 4. e3 O-O 5. Bd2 d5 6. Nf3 b6 7. cxd5 exd5 8. Rc1 c5 9. Be2 Nc6 10. O-O Bg4 11. dxc5 bxc5 12. h3 Bh5 13. Na4 Bxd2 14. Qxd2 Ne4 15. Qd1 c4 16. Nd2 Nxd2 17. Qxd2 Bxe2 18. Qxe2 Ne5 19. b3 Nd3 20. Rcd1 Qa5 21. Qd2 Qb5 22. Nc3 Qc6 23. Qc2 Rfd8 24. Ne2 Rac8 25. Qc3 Qa6 26. Ng3 f6 27. Qd4 Qxa2 28. Nf5 Kh8 29. Ra1 Qxb3 30. Rxa7 Qb2 31. Qg4 Rg8 32. Ne7 Rcf8 33. Ng6+ 1-0


[Site "https://www.chess.com"]

[Event "Titled Tuesday Blitz May 23 Late 2023"]
[White "Andreikin, Dmitry"]
[Black "Moroni, Luca Jr"]
[WhiteFideId "4158814"]
[BlackFideId "865834"]
[WhiteElo "2736"]
[BlackElo "2569"]
[Result "0-1"]
[Round "07"]
[TimeControl "180+2"]
[Date "2023.05.23"]
[WhiteClock "0:00:01"]
[BlackClock "0:01:29"]

1. e4 g6 2. d4 Bg7 3. c4 d6 4. Nc3 c5 5. d5 Bxc3+ 6. bxc3 e5 7. h4 Qe7 8. h5 Kd7 9. hxg6 fxg6 10. g4 h6 11. g5 h5 12. Nf3 Kc7 13. Nh4 Qf7 14. f4 exf4 15. Qf3 Bg4 16. Qxf4 Qg7 17. e5 Nd7 18. exd6+ Kb6 19. Qd2 Qe5+ 20. Kf2 Rf8+ 21. Kg1 Qxd6 22. Qh2 Ne5 23. Be3 Ne7 24. Re1 Nf5 25. Qxe5 Qxe5 26. Bxc5+ Kxc5 27. Rxe5 Ng3 28. Bg2 Nxh1 29. Nxg6 Ng3 30. Re7 h4 31. Rc7+ Kb6 32. d6 h3 33. c5+ Ka5 34. Bxh3 Ne2+ 35. Kg2 Bxh3+ 36. Kh2 Rf2+ 0-1


[Site "https://www.chess.com"]

[Event "Titled Tuesday Blitz May 23 Late 2023"]
[White "Remizov, Yaroslav"]
[Black "Martinez Alcantara, Jose Eduardo"]
[WhiteFideId "34134015"]
[BlackFideId "3805662"]
[WhiteElo "2400"]
[BlackElo "2711"]
[Result "0-1"]
[Round "07"]
[TimeControl "180+2"]
[Date "2023.05.23"]
[WhiteClock "0:00:02"]
[BlackClock "0:00:15"]

1. e4 c5 2. Nf3 d6 3. d4 cxd4 4. Nxd4 a6 5. c4 e6 6. Nc3 Nf6 7. Be2 b6 8. g4 Bb7 9. Qc2 Qc7 10. g5 Nfd7 11. Be3 Nc6 12. O-O-O Rc8 13. Nxc6 Bxc6 14. Kb1 Qb7 15. f3 Be7 16. h4 b5 17. h5 Ne5 18. cxb5 axb5 19. Nxb5 O-O 20. Nc3 d5 21. Bd4 Nd7 22. exd5 Bxd5 23. h6 g6 24. Nxd5 Qxd5 25. Bc3 Qb7 26. Qa4 Rc7 27. Qd4 e5 28. Qe4 Qb8 29. Bc4 Bxg5 30. Rxd7 Rxd7 31. Bxe5 Qb6 32. f4 Bf6 33. f5 g5 34. Bxf6 Qxf6 35. Rg1 Rd4 36. Rxg5+ Kh8 37. Qe3 Rxc4 38. a3 Rb8 39. Rg2 Rcc8 40. Ka1 Ra8 41. Qg3 Rg8 42. Qf3 Rxg2 43. Qxa8+ Rg8 44. Qe4 Qxh6 45. a4 Qf6 46. Ka2 Rb8 47. Qe2 Qxf5 48. b3 Qf6 49. a5 Qc3 50. a6 Qxb3+ 51. Ka1 Qb1# 0-1


[Site "https://www.chess.com"]

[Event "Titled Tuesday Blitz May 23 Late 2023"]
[White "Krzyzanowski, Marcin"]
[Black "Hakobyan, Aram"]
[WhiteFideId "1132199"]
[BlackFideId "13306677"]
[WhiteElo "2471"]
[BlackElo "2584"]
[Result "0-1"]
[Round "07"]
[TimeControl "180+2"]
[Date "2023.05.23"]
[WhiteClock "0:00:01"]
[BlackClock "0:00:20"]

1. Nf3 g6 2. e4 Bg7 3. d4 Nf6 4. Nc3 d5 5. e5 Ne4 6. Bd3 Nxc3 7. bxc3 c5 8. O-O Nc6 9. h3 c4 10. Be2 Qa5 11. Bd2 Qa4 12. Nh4 O-O 13. f4 f5 14. Nf3 b5 15. a3 Bd7 16. Ng5 e6 17. g4 Ne7 18. Kh2 Bh6 19. Kg3 Bxg5 20. fxg5 Rf7 21. Qb1 Raf8 22. Qb2 Qa6 23. Rf4 Qb6 24. Raf1 a5 25. h4 fxg4 26. Rf6 Nf5+ 27. Kxg4 Rxf6 28. gxf6 Rxf6 29. exf6 e5 30. Rxf5 Qxf6 31. Kg3 Qxf5 32. dxe5 Qh3+ 33. Kf2 Qh2+ 34. Ke1 Qg1+ 35. Bf1 Bh3 36. Ke2 Bxf1+ 37. Kf3 Qg2+ 38. Kf4 Qe4+ 39. Kg3 Qg2+ 40. Kf4 Qf2+ 41. Kg5 Qf5+ 42. Kh6 Qh5# 0-1


[Site "https://www.chess.com"]

[Event "Titled Tuesday Blitz May 23 Late 2023"]
[White "Mekhitarian, Krikor Sevag"]
[Black "Bortnyk, Mykola"]
[WhiteFideId "2107660"]
[BlackFideId "14120836"]
[WhiteElo "2604"]
[BlackElo "2582"]
[Result "1-0"]
[Round "07"]
[TimeControl "180+2"]
[Date "2023.05.23"]
[WhiteClock "0:00:08"]
[BlackClock "0:00:11"]

1. Nf3 c5 2. c4 Nc6 3. Nc3 Nf6 4. d4 cxd4 5. Nxd4 a6 6. e4 e5 7. Nf5 d5 8. cxd5 Bxf5 9. exf5 Nd4 10. Bd3 Nxd5 11. O-O Be7 12. Be4 Nxc3 13. bxc3 Nc6 14. Qf3 O-O 15. Rb1 Qc7 16. Rxb7 Qxb7 17. Bxc6 Qc8 18. Bxa8 Qxa8 19. Qxa8 Rxa8 20. Be3 Rb8 21. c4 Kf8 22. Rc1 Ba3 23. Rd1 Ke7 24. g4 Rc8 25. Rd3 Bb4 26. Rb3 a5 27. a3 Bd6 28. Rb7+ Ke8 29. Rb5 Rxc4 30. h3 a4 31. Ra5 Bxa3 32. Rxe5+ Kd7 33. Ra5 Bb2 34. Bc5 Kc6 35. Bf8 Kb6 36. Ra8 Kb7 37. Ra5 g6 38. fxg6 Kb6 39. Ra8 Kb7 40. Ra5 Kb6 41. Ra8 Rc1+ 42. Kg2 Kb7 43. Ra5 Kb6 44. Rxa4 Rc8 45. g7 Bxg7 46. Bxg7 Kb5 47. Rf4 Rg8 48. Bf6 Kc6 49. g5 Kd6 50. h4 Kd5 51. Kg3 Ke6 52. f3 h6 53. Kg4 hxg5 54. hxg5 Ra8 55. Re4+ Kd5 56. Re7 Rf8 57. f4 Kd6 58. Kf5 Kc6 59. Bg7 Ra8 60. Rxf7 Kd6 61. Kg6 Kd5 62. f5 Kc5 63. Re7 Kd6 64. f6 Kd5 65. Re1 Ra6 66. Kh7 Ra7 67. g6 Kd6 68. f7 Ra8 69. f8=Q+ Kd7 70. Qxa8 1-0


[Site "https://www.chess.com"]

[Event "Titled Tuesday Blitz May 23 Late 2023"]
[White "Sjugirov, Sanan"]
[Black "Papasimakopoulos, Alexandros"]
[WhiteFideId "4189302"]
[BlackFideId "4244125"]
[WhiteElo "2569"]
[BlackElo "2359"]
[Result "1-0"]
[Round "07"]
[TimeControl "180+2"]
[Date "2023.05.23"]
[WhiteClock "0:01:44"]
[BlackClock "0:01:39"]

1. d4 e6 2. c4 Nf6 3. e3 c5 4. Nc3 cxd4 5. exd4 d5 6. Nf3 Be7 7. cxd5 Nxd5 8. Bd3 Nc6 9. O-O O-O 10. Qe2 Bf6 11. Rd1 g6 12. Bh6 Bg7 13. Bxg7 Kxg7 14. Be4 Re8 15. Rac1 Nxc3 16. bxc3 Bd7 17. c4 Qe7 18. Qb2 Qb4 19. Qa1 Kg8 20. Bxc6 Bxc6 21. Ne5 Qe7 22. d5 exd5 23. Ng4 Red8 24. Nh6+ Kf8 25. Qh8# 1-0


[Site "https://www.chess.com"]

[Event "Titled Tuesday Blitz May 23 Late 2023"]
[White "Badmatsyrenov, Oleg"]
[Black "Kramnik, Vladimir"]
[WhiteFideId "24115762"]
[BlackFideId "4101588"]
[WhiteElo "2396"]
[BlackElo "2703"]
[Result "0-1"]
[Round "07"]
[TimeControl "180+2"]
[Date "2023.05.23"]
[WhiteClock "0:00:00"]
[BlackClock "0:00:02"]

1. e4 c5 2. Nf3 e6 3. d4 cxd4 4. Nxd4 Nf6 5. Nc3 Nc6 6. Ndb5 d6 7. Bf4 e5 8. Bg5 a6 9. Na3 b5 10. Nd5 Be7 11. Bxf6 Bxf6 12. c4 b4 13. Nc2 a5 14. g3 O-O 15. Bg2 Bg5 16. O-O Be6 17. Qd3 Rc8 18. b3 Bh6 19. Rad1 g6 20. Kh1 Bg7 21. Qe3 Nb8 22. Qb6 Qxb6 23. Nxb6 Rc6 24. Nd5 Re8 25. Ne1 Nd7 26. h4 Kf8 27. Kh2 Rb8 28. Bh3 Nc5 29. f3 a4 30. Nd3 axb3 31. Nxc5 Rxc5 32. axb3 Ra5 33. Rf2 Ra3 34. Rb2 Bh6 35. Bxe6 fxe6 36. Nc7 Ke7 37. Nb5 Be3 38. Kg2 Bc5 39. Rd3 Ra1 40. Rbd2 Rb6 41. Rb2 Rba6 42. Rbd2 R1a2 43. Kh3 h5 44. g4 Rxd2 45. Rxd2 Ra1 46. gxh5 gxh5 47. Rd3 Rh1+ 48. Kg3 Rg1+ 49. Kh2 Rg8 50. Nc7 Be3 51. Na6 Bf4+ 52. Kh1 Rg3 53. Nxb4 Rh3+ 54. Kg1 Rxh4 55. Nc6+ Kf6 56. b4 Rh2 57. Rb3 h4 58. b5 h3 59. b6 Re2 60. Rb1 Be3+ 61. Kh1 Bxb6 62. Rxb6 Kg5 63. Rb1 Kf4 64. Ne7 Kxf3 65. c5 dxc5 66. Ng6 Kxe4 67. Rc1 Kd4 68. Nf8 e4 69. Nxe6+ Ke5 70. Nxc5 Kf4 71. Ne6+ Kg3 72. Rc3+ e3 73. Rc1 Rh2+ 74. Kg1 Rf2 75. Kh1 e2 76. Rg1+ Kh4 77. Nd4 Rf1 78. Kh2 Rxg1 79. Nf3+ Kg4 80. Ne5+ Kf5 81. Nf3 Rf1 82. Nd4+ Kg4 83. Nxe2 Rf2+ 84. Kg1 Rxe2 85. Kh1 Kg3 0-1


[Site "https://www.chess.com"]

[Event "Titled Tuesday Blitz May 23 Late 2023"]
[White "Babazada, Khazar"]
[Black "Bernabeu Lopez, Carlos Javier"]
[WhiteFideId "13413554"]
[BlackFideId "2235366"]
[WhiteElo "2351"]
[BlackElo "2344"]
[Result "1-0"]
[Round "07"]
[TimeControl "180+2"]
[Date "2023.05.23"]
[WhiteClock "0:00:41"]
[BlackClock "0:00:14"]

1. e4 e5 2. Nf3 Nf6 3. Nxe5 Nxe4 4. Nf3 d5 5. Nc3 Nxc3 6. dxc3 c6 7. Bd3 Be7 8. Be3 Nd7 9. Qd2 Qa5 10. O-O O-O 11. Bg5 Bxg5 12. Qxg5 Nf6 13. Rfe1 Be6 14. Nd4 Rae8 15. Re3 Qd8 16. Rae1 Bd7 17. h3 Rxe3 18. Rxe3 Re8 19. Rxe8+ Qxe8 20. Qf4 Qd8 21. Nf3 Be6 22. Qe3 b6 23. Ne5 c5 24. f4 d4 25. cxd4 cxd4 26. Qf2 Qd5 27. a3 g6 28. Nf3 Bf5 29. Qxd4 Qxd4+ 30. Nxd4 Bxd3 31. cxd3 Nd5 32. g3 h5 33. h4 Ne3 34. b3 Nd5 35. Kf2 a5 36. Kf3 f5 37. Nc6 Kf7 38. Ke2 Ke6 39. Ne5 Kf6 40. d4 Kg7 41. Kd3 b5 42. a4 bxa4 43. bxa4 Nb6 44. Kc2 Nxa4 45. Nc4 Kf6 46. Kb3 Ke6 47. Kxa4 Kd5 48. Ne5 Kxd4 49. Nxg6 1-0


[Site "https://www.chess.com"]

[Event "Titled Tuesday Blitz May 23 Late 2023"]
[White "Simonian, Hrair"]
[Black "Naroditsky, Daniel"]
[WhiteFideId "13302337"]
[BlackFideId "2026961"]
[WhiteElo "2447"]
[BlackElo "2633"]
[Result "1-0"]
[Round "07"]
[TimeControl "180+2"]
[Date "2023.05.23"]
[WhiteClock "0:01:55"]
[BlackClock "0:01:41"]

1. e4 c5 2. Nc3 d6 3. Nge2 Nf6 4. g3 Nc6 5. Bg2 g6 6. O-O Bg7 7. d3 O-O 8. Bg5 Rb8 9. Qd2 b5 10. Bh6 b4 11. Nd5 Nxd5 12. exd5 Ne5 13. Bxg7 Kxg7 14. d4 Nc4 15. Qd3 Nb6 16. dxc5 dxc5 17. Nf4 Qd6 18. Rfe1 Bf5 19. Qe3 Rfe8 20. c3 bxc3 21. Qxc3+ Kg8 22. b3 Rbc8 23. Bf1 Nxd5 24. Nxd5 Qxd5 25. Bb5 Bh3 26. f3 Red8 27. Rxe7 Qd2 28. Re8+ 1-0


[Site "https://www.chess.com"]

[Event "Titled Tuesday Blitz May 23 Late 2023"]
[White "Grischuk, Alexander"]
[Black "Holt, Conrad"]
[WhiteFideId "4126025"]
[BlackFideId "2034387"]
[WhiteElo "2721"]
[BlackElo "2592"]
[Result "1-0"]
[Round "07"]
[TimeControl "180+2"]
[Date "2023.05.23"]
[WhiteClock "0:00:03"]
[BlackClock "0:00:00"]

1. Nf3 d5 2. g3 Bg4 3. Bg2 Nd7 4. h3 Bxf3 5. Bxf3 e6 6. d3 Ngf6 7. Bg2 Bd6 8. e4 O-O 9. O-O c6 10. f4 dxe4 11. dxe4 Bc5+ 12. Kh1 e5 13. f5 Qe7 14. Qe2 Rfd8 15. Nd2 a5 16. a4 Ba7 17. Nc4 Nc5 18. b3 Ncd7 19. c3 Nc5 20. Ba3 Qc7 21. Qc2 b5 22. axb5 cxb5 23. Nxa5 Nd3 24. b4 Rac8 25. Kh2 h5 26. Rfd1 Qxc3 27. Qxc3 Rxc3 28. Bb2 Rc2 29. Bxe5 Nxe4 30. Nb7 Re8 31. Rxd3 Rxe5 32. Rxa7 Ng5 33. Ra1 Ree2 34. Rg1 Rb2 35. Nc5 Rf2 36. h4 Nf3+ 37. Rxf3 Rxf3 38. Kh3 Rxf5 39. Re1 g6 40. Nd3 Rd2 41. Be4 Rf6 42. Nf4 1-0


[Site "https://www.chess.com"]

[Event "Titled Tuesday Blitz May 23 Late 2023"]
[White "Williams, Simon K"]
[Black "Paravyan, David"]
[WhiteFideId "404454"]
[BlackFideId "4194985"]
[WhiteElo "2468"]
[BlackElo "2563"]
[Result "1-0"]
[Round "07"]
[TimeControl "180+2"]
[Date "2023.05.23"]
[WhiteClock "0:00:11"]
[BlackClock "0:00:02"]

1. d4 Nf6 2. c4 g6 3. h4 Bg7 4. Nc3 Nc6 5. d5 Ne5 6. e4 d6 7. Nf3 Bg4 8. Be2 Nxf3+ 9. gxf3 Bh5 10. Be3 c6 11. Qd2 Nd7 12. Bh6 Bxh6 13. Qxh6 Qb6 14. Qd2 Ne5 15. f4 Nf3+ 16. Bxf3 Bxf3 17. Rh3 Bh5 18. Re3 O-O-O 19. a4 a5 20. Ne2 Qb4 21. f3 Kc7 22. Ng3 Qc5 23. Rc1 f6 24. Ne2 Qb4 25. Nd4 Qxd2+ 26. Kxd2 Ra8 27. b3 Kd7 28. Ne6 Rhc8 29. Rec3 h6 30. Ke3 g5 31. hxg5 hxg5 32. fxg5 fxg5 33. Nxg5 Rg8 34. f4 Rh8 35. c5 dxc5 36. Rxc5 Ra6 37. dxc6+ bxc6 38. R1c3 Rb8 39. Rd3+ Ke8 40. Ne6 Kf7 41. Nd8+ Kg6 42. Nxc6 Rb7 43. Ne5+ Kg7 44. Nc4 Bf7 45. f5 Rh6 46. Kf4 Rh1 47. Rg3+ Kh7 48. Nxa5 Rb4 49. Nc6 Rxb3 50. Rxb3 Bxb3 51. a5 e6 52. a6 Ba4 53. a7 Bxc6 54. Rxc6 Ra1 55. Rc7+ Kh6 56. fxe6 Kg6 57. Ke5 Ra6 58. e7 Kf7 59. Kd5 Ra1 60. e5 Ra2 61. Kc6 Ra1 62. Kb7 Rb1+ 63. Kc8 Ra1 64. Kb8 1-0


[Site "https://www.chess.com"]

[Event "Titled Tuesday Blitz May 23 Late 2023"]
[White "Checa, Nicolas"]
[Black "Tatarinov, Dmitry"]
[WhiteFideId "2069342"]
[BlackFideId "24160067"]
[WhiteElo "2507"]
[BlackElo "2326"]
[Result "0-1"]
[Round "07"]
[TimeControl "180+2"]
[Date "2023.05.23"]
[WhiteClock "0:01:49"]
[BlackClock "0:01:21"]

1. d4 Nf6 2. c4 e6 3. Nf3 Bb4+ 4. Bd2 Be7 5. Nc3 d5 6. Bf4 O-O 7. Rc1 c6 8. e3 Nbd7 9. h3 b6 10. cxd5 Nxd5 11. Bh2 Nxc3 12. bxc3 Bb7 13. Bd3 c5 14. O-O Rc8 15. Qe2 Nf6 16. Ba6 Bxa6 17. Qxa6 Bd6 18. Ne5 Qe7 19. a4 Ne4 20. a5 bxa5 21. Qxa5 Nd2 22. Ra1 Nxf1 23. Kxf1 cxd4 24. cxd4 Rc7 25. Qa6 Rfc8 26. Ng6 Rc1+ 27. Ke2 hxg6 28. Bxd6 R8c2+ 29. Kd3 Qg5 30. Rxc1 Rxc1 31. g4 Qd5 32. Bb4 Qb3+ 0-1


[Site "https://www.chess.com"]

[Event "Titled Tuesday Blitz May 23 Late 2023"]
[White "Svane, Rasmus"]
[Black "Zemlyanskii, Ivan"]
[WhiteFideId "4657101"]
[BlackFideId "24249971"]
[WhiteElo "2601"]
[BlackElo "2421"]
[Result "1-0"]
[Round "07"]
[TimeControl "180+2"]
[Date "2023.05.23"]
[WhiteClock "0:00:10"]
[BlackClock "0:00:02"]

1. Nf3 d5 2. g3 Nf6 3. Bg2 c5 4. O-O e6 5. c4 d4 6. e3 Nc6 7. exd4 cxd4 8. d3 Bd6 9. Bg5 h6 10. Bxf6 Qxf6 11. Nbd2 Qe7 12. a3 a5 13. Re1 Bc7 14. Nb3 Qd8 15. Rc1 O-O 16. c5 e5 17. Nbd2 Bf5 18. Nc4 Re8 19. Qb3 Rb8 20. Nfd2 Be6 21. Qb5 Bd7 22. Qb3 Be6 23. Qa4 Bd5 24. Ne4 Qd7 25. b4 axb4 26. axb4 f5 27. Ned6 Bxg2 28. Kxg2 Bxd6 29. Nxd6 Re7 30. b5 Nd8 31. Qc4+ Kh7 32. Re2 b6 33. Rce1 bxc5 34. Qxc5 Nb7 35. Nxb7 Qxb7+ 36. Kg1 Rc8 37. Qd6 e4 38. dxe4 Rxe4 39. Rxe4 fxe4 40. Qxd4 Qxb5 41. Qxe4+ Kh8 42. h4 Qc6 43. Qf4 Re8 44. Rc1 Qd5 45. Kh2 Qe4 46. Qf7 Qe6 47. Qb7 Qe4 48. Qb2 Qe2 49. Rc2 Qe5 50. Qa2 Qe6 51. Qa4 Re7 52. Rc4 Rf7 53. Rc2 Qf5 54. Rd2 Kh7 55. Qd4 Re7 56. Rb2 Qe4 57. Qc5 Rf7 58. Qc3 Qf5 59. Qe3 Qf3 60. Qc5 Qf5 61. Qc6 Qf3 62. Qc2+ Qf5 63. Qd1 Qf3 64. Qf1 Rd7 65. Re2 Qf5 66. Qg2 Rf7 67. Rd2 Qf6 68. Qe4+ Qg6 69. Qe3 Qf5 70. Kg2 Qf6 71. f3 Qf5 72. g4 Qg6 73. h5 Qb1 74. Kg3 Qb8+ 75. Kh3 Qb1 76. Kg2 Rf6 77. Re2 Qb8 78. Qe4+ Kh8 79. Ra2 Qf8 80. Ra8 Qxa8 81. Qxa8+ Kh7 82. Qe4+ Kg8 83. f4 Rf8 84. g5 1-0


[Site "https://www.chess.com"]

[Event "Titled Tuesday Blitz May 23 Late 2023"]
[White "Makarian, Rudik"]
[Black "Timmermans, Mark"]
[WhiteFideId "44105681"]
[BlackFideId "1026399"]
[WhiteElo "2461"]
[BlackElo "2460"]
[Result "1-0"]
[Round "07"]
[TimeControl "180+2"]
[Date "2023.05.23"]
[WhiteClock "0:00:23"]
[BlackClock "0:00:18"]

1. d4 Nf6 2. c4 e6 3. Nf3 d5 4. g3 Be7 5. Bg2 O-O 6. Nc3 dxc4 7. Ne5 Nd5 8. O-O c6 9. Nxc4 b5 10. Ne5 Bb7 11. e4 Nxc3 12. bxc3 Nd7 13. Nf3 c5 14. Qe2 b4 15. Rb1 a5 16. Rd1 Qc8 17. d5 exd5 18. exd5 Re8 19. Qc2 bxc3 20. Qxc3 Bf6 21. Qc2 Ne5 22. Bf4 Ng6 23. Be3 c4 24. Nd4 Rb8 25. Nc6 Bxc6 26. Rxb8 Qxb8 27. dxc6 c3 28. Rb1 Qc8 29. Rb7 Ne5 30. c7 Ng6 31. Rb8 Qxb8 32. cxb8=Q Rxb8 33. Be4 Rb2 34. Qa4 h5 35. Qe8+ Nf8 36. Bc5 c2 37. Qxf8# 1-0


[Site "https://www.chess.com"]

[Event "Titled Tuesday Blitz May 23 Late 2023"]
[White "Ibarra Jerez, Jose Carlos"]
[Black "Zwirs, Nico"]
[WhiteFideId "2226332"]
[BlackFideId "1036432"]
[WhiteElo "2638"]
[BlackElo "2381"]
[Result "1/2-1/2"]
[Round "07"]
[TimeControl "180+2"]
[Date "2023.05.23"]
[WhiteClock "0:00:21"]
[BlackClock "0:01:03"]

1. e4 c5 2. Ne2 Nf6 3. Nbc3 d6 4. d4 cxd4 5. Nxd4 Bd7 6. Bg5 e6 7. Qd2 a6 8. O-O-O h6 9. Bxf6 Qxf6 10. f4 Qd8 11. f5 Be7 12. Kb1 Nc6 13. Bc4 Nxd4 14. Qxd4 O-O 15. fxe6 fxe6 16. e5 d5 17. Nxd5 Bc6 18. Nxe7+ Qxe7 19. Qg4 Kh8 20. Rhf1 Qc5 21. Bxe6 Qxe5 22. Bf5 Rf6 23. Bd3 Raf8 24. Rxf6 Qxf6 25. b3 a5 26. a4 Rd8 27. Re1 Rxd3 28. cxd3 Qc3 29. Qc8+ Kh7 30. Qf5+ Kh8 31. Qe6 Qxd3+ 32. Kb2 Qd2+ 33. Kb1 Qd3+ 34. Kb2 Qd2+ 35. Ka3 Qb4+ 36. Ka2 Qd2+ 37. Ka1 Qc3+ 38. Kb1 Qd3+ 1/2-1/2


[Site "https://www.chess.com"]

[Event "Titled Tuesday Blitz May 23 Late 2023"]
[White "Xiong, Jeffery"]
[Black "Ilkhomi, Jaloliddin"]
[WhiteFideId "2047640"]
[BlackFideId "14700948"]
[WhiteElo "2726"]
[BlackElo "2045"]
[Result "1-0"]
[Round "07"]
[TimeControl "180+2"]
[Date "2023.05.23"]
[WhiteClock "0:00:47"]
[BlackClock "0:00:09"]

1. e4 e6 2. d4 d5 3. e5 c5 4. c3 Nc6 5. Nf3 Bd7 6. Be2 Nge7 7. Na3 cxd4 8. cxd4 Nf5 9. Nc2 Be7 10. O-O Qb6 11. Bd3 Nb4 12. Nxb4 Qxb4 13. a3 Qb6 14. Kh1 Bb5 15. g4 Nh4 16. Nxh4 Bxh4 17. f4 Be7 18. f5 O-O-O 19. Be3 Bxd3 20. Qxd3 Kb8 21. fxe6 Qxe6 22. Qf5 Rdf8 23. Rac1 g6 24. Qxe6 fxe6 25. Bh6 Rc8 26. Rxc8+ Kxc8 27. Rf7 Kd8 28. Bg7 Re8 29. Bf6 Bxf6 30. exf6 e5 31. dxe5 Rxe5 32. Rxb7 Ke8 33. Rxa7 Kf8 34. Re7 Rg5 35. Rxh7 Rxg4 36. Rd7 Rd4 37. b4 Rd3 38. b5 Rxa3 39. b6 Rb3 40. b7 d4 41. Rd8+ Kf7 42. b8=Q Rxb8 43. Rxb8 Kxf6 44. Rd8 Ke5 45. Kg2 Ke4 46. Kf2 Kd3 47. Kf3 Kc2 48. Rxd4 1-0


[Site "https://www.chess.com"]

[Event "Titled Tuesday Blitz May 23 Late 2023"]
[White "Iliaguev, Nisim"]
[Black "Cordova, Emilio"]
[WhiteFideId "2817276"]
[BlackFideId "3801497"]
[WhiteElo "2241"]
[BlackElo "2607"]
[Result "1-0"]
[Round "07"]
[TimeControl "180+2"]
[Date "2023.05.23"]
[WhiteClock "0:01:09"]
[BlackClock "0:00:18"]

1. d4 Nf6 2. Nf3 e6 3. g3 c5 4. Bg2 cxd4 5. O-O d5 6. Nxd4 e5 7. Nb3 Nc6 8. Bg5 Be6 9. Bxf6 gxf6 10. e3 h5 11. Nc3 e4 12. h4 f5 13. Ne2 Bg7 14. c3 Ne5 15. Nf4 Ng4 16. Nd4 Qb6 17. Qb3 Qxb3 18. axb3 Bxd4 19. cxd4 Kd7 20. Rfc1 Nf6 21. Bf1 Kd6 22. b4 Rhc8 23. Rxc8 Bxc8 24. Be2 Bd7 25. Bxh5 Rc8 26. Rxa7 Rc1+ 27. Kg2 Bb5 28. Rxb7 Bf1+ 29. Kh2 Nxh5 30. Nxh5 Be2 31. g4 fxg4 32. Nf4 Bf3 33. h5 f6 34. Rb6+ Kd7 35. Rxf6 Rh1+ 36. Kg3 Rg1+ 37. Kh4 Rf1 38. h6 Rxf2 39. Kg3 Rf1 40. Ng6 Rg1+ 41. Kf4 Rh1 42. h7 g3 43. Kxg3 1-0


[Site "https://www.chess.com"]

[Event "Titled Tuesday Blitz May 23 Late 2023"]
[White "Wadsworth, Matthew J"]
[Black "Rustemov, Alexander"]
[WhiteFideId "415804"]
[BlackFideId "4119002"]
[WhiteElo "2347"]
[BlackElo "2861"]
[Result "0-1"]
[Round "07"]
[TimeControl "180+2"]
[Date "2023.05.23"]
[WhiteClock "0:00:12"]
[BlackClock "0:00:09"]

1. Nf3 d5 2. g3 Nf6 3. Bg2 Bf5 4. c4 dxc4 5. O-O c6 6. Na3 e5 7. Nxc4 e4 8. Nh4 Be6 9. d3 exd3 10. exd3 Be7 11. Qb3 Qd7 12. a4 O-O 13. Be3 Rd8 14. Rfd1 Bd5 15. Nf3 Na6 16. Nfe5 Qc7 17. Bf4 Qc8 18. Rac1 Bxg2 19. Kxg2 Nd5 20. Na5 Nc5 21. Rxc5 Bxc5 22. Qxb7 Nxf4+ 23. gxf4 Qf5 24. Naxc6 Re8 25. d4 Bd6 26. Qd7 Qxd7 27. Nxd7 a5 28. Nde5 f6 29. Nc4 Bxf4 30. d5 Re4 31. b3 Ra6 32. N4xa5 Bd6 33. Nc4 Bc5 34. Rd2 Kf7 35. Kf3 f5 36. Kg3 Kf6 37. f3 Re8 38. b4 Rxa4 39. bxc5 Rxc4 40. d6 f4+ 41. Kg2 Rxc5 42. d7 Rf8 43. d8=Q+ Rxd8 44. Nxd8 g5 45. h4 h6 46. hxg5+ hxg5 47. Kh3 Rc1 48. Nb7 Rh1+ 49. Kg2 Rh4 50. Nd6 g4 51. Ne4+ Ke5 52. fxg4 Kxe4 53. g5 Rg4+ 54. Kf1 Rxg5 55. Ra2 Kf3 56. Ra3+ Kg4 57. Rb3 Rc5 58. Ra3 Rc2 59. Rb3 Rh2 60. Ra3 Rh1+ 61. Kf2 Rb1 62. Rc3 Rb4 63. Ra3 Kf5 64. Kf1 Ke4 65. Rc3 Rd4 66. Ra3 Rd2 67. Rb3 Rd4 68. Ra3 Kf5 69. Rb3 Kg4 70. Ra3 Re4 71. Rb3 Ra4 72. Rc3 Rb4 73. Rd3 Rc4 74. Ra3 Rc2 75. Rb3 Ra2 76. Rc3 Kf5 77. Rb3 Ke4 78. Rc3 Kd4 79. Rb3 Rc2 80. Ra3 Ke5 81. Rb3 Kf5 82. Ra3 Rb2 83. Rc3 Kg4 84. Ra3 Rb8 85. Rc3 Rg8 86. Ra3 Kh4 87. Rc3 Rg3 88. Rc4 Kg4 89. Ra4 Rb3 90. Rc4 Kg3 91. Rc8 Rb1+ 92. Ke2 f3+ 93. Ke3 Re1+ 94. Kd2 Re7 95. Rg8+ Kf2 96. Rf8 Re5 97. Rf7 Kg2 98. Rg7+ Kf1 99. Rf7 f2 100. Kd3 Kg2 101. Rg7+ Kf3 102. Rf7+ Kg3 103. Rg7+ Kf4 104. Rf7+ Kg3 105. Rg7+ Kf3 106. Rf7+ Kg2 107. Rg7+ Kf1 108. Kd2 Rd5+ 109. Kc2 Ke2 110. Re7+ Kf3 111. Rf7+ Ke3 112. Re7+ Kf4 113. Rf7+ Rf5 114. Rxf5+ Kxf5 0-1


[Site "https://www.chess.com"]

[Event "Titled Tuesday Blitz May 23 Late 2023"]
[White "Filipascu"]
[Black "Rostovtsev, Dmitry"]
[BlackFideId "34278320"]
[WhiteElo "2592"]
[BlackElo "2344"]
[Result "0-1"]
[Round "07"]
[TimeControl "180+2"]
[Date "2023.05.23"]
[WhiteClock "0:00:00"]
[BlackClock "0:00:11"]

1. c4 e5 2. e3 Nf6 3. Nc3 Bb4 4. Nge2 O-O 5. g3 c6 6. Bg2 d5 7. cxd5 cxd5 8. d4 e4 9. Bd2 Nc6 10. Qb3 Be7 11. h4 b6 12. Nf4 Na5 13. Qc2 Ba6 14. g4 Bb7 15. g5 Ne8 16. f3 Rc8 17. fxe4 dxe4 18. Bxe4 Bxe4 19. Qxe4 Nd6 20. Qd3 Re8 21. O-O-O b5 22. Kb1 b4 23. Ncd5 Bf8 24. Rhg1 Nac4 25. h5 Ne4 26. Bc1 Nxg5 27. e4 Nxe4 28. Rde1 Ncd6 29. h6 g6 30. Nh5 Kh8 31. Qf3 f5 32. Nhf4 Nc4 33. Qd3 Qd6 34. Rxe4 Rxe4 35. b3 Na3+ 36. Bxa3 bxa3 37. Rf1 Bxh6 0-1


[Site "https://www.chess.com"]

[Event "Titled Tuesday Blitz May 23 Late 2023"]
[White "Gurevich, Dmitry"]
[Black "Terry, Renato"]
[WhiteFideId "2000407"]
[BlackFideId "3803457"]
[WhiteElo "2506"]
[BlackElo "2575"]
[Result "0-1"]
[Round "07"]
[TimeControl "180+2"]
[Date "2023.05.23"]
[WhiteClock "0:00:00"]
[BlackClock "0:00:23"]

1. d4 d5 2. c4 dxc4 3. e3 Nf6 4. Bxc4 e6 5. Nf3 a6 6. Bb3 b5 7. a4 b4 8. Nbd2 Bb7 9. Qe2 c5 10. O-O Be7 11. Rd1 O-O 12. e4 cxd4 13. e5 Nd5 14. Ne4 Nc6 15. h4 Rc8 16. Bc2 Qc7 17. Neg5 g6 18. h5 Nxe5 19. Be4 d3 20. Qe1 Bf6 21. Bxd3 Nxd3 22. Rxd3 Nf4 23. Bxf4 Qxf4 24. Rd7 Bc6 25. Rxf7 Rxf7 26. Qxe6 Rc7 27. hxg6 hxg6 28. Nxf7 Bd7 29. Qd5 Kg7 30. N7e5 Bf5 31. g3 Qe4 32. Qd6 Re7 0-1


[Site "https://www.chess.com"]